 Dungeon Crawl Stone Soup version 0.25.0-11-g1f837a76a1 (webtiles) character file.

Game seed: 1880217415442658545

794596 dvd2 the Gargoyle Barricade (level 27, -9/190 HPs)
             Began as a Gargoyle Gladiator on June 26, 2020.
             Was the Champion of Makhleb.
             Mangled by Cerebov
             ... wielding the +6 sword of Cerebov {flame}
              (66 damage)
             ... in Pandemonium on June 27, 2020.
             The game lasted 04:17:23 (68234 turns).

dvd2 the Gargoyle Barricade (Gargoyle Gladiator)   Turns: 68234, Time: 04:17:23

Health: -9/190     AC: 38    Str: 37    XL:     27
Magic:  31/31      EV: 31    Int: 20    God:    Makhleb [******]
Gold:   7797       SH: 27    Dex: 33    Spells: 25/42 levels left

rFire    + + .     SeeInvis +   a - +6 war axe "Podynaesch" {drain, rC+ MR+ Str+3 Dex+4}
rCold    + + .     Gourm    .   O - +5 kite shield {reflect}
rNeg     + + +     Faith    .   J - +4 ring mail of the World {*Slow rF+++ rN++ Int-2}
rPois    ∞         Spirit   .   o - +3 crown of Dyrovepreva {rElec Int+2 SInv}
rElec    +         Reflect  +   h - scarf {repulsion}
rCorr    +         Harm     .   m - +0 pair of gloves of Rounylarch {Dex+5}
MR       +++..                  P - +0 pair of boots of the Eight Eyes {rElec Str+5}
Stlth    ++++++....             r - amulet "Kucolo" {RegenMP *Slow Str+3 Dex+2 Slay+4}
HPRegen  0.00/turn              k - ring of Igul Pei {+Blink rN+ Dex+6 Slay+3}
MPRegen  0.47/turn              Y - ring of Devotion {rC+ rCorr Str+3 Int+4}

@: mighty, fire vulnerable, flying, hasted, studying Hexes, repel missiles, very
quick
A: big wings, fangs 1, hooves 1, thin skeletal structure 1, clever 2, deformed
body, low mp 1, negative energy resistance 1, sense surroundings 1, electricity
resistance, inhibited regeneration, weak 1, unbreathing, petrification
resistance, no potion heal 1, rot immunity, AC +20
}: 7/15 runes: serpentine, barnacled, slimy, silver, abyssal, glowing, magical
a: Stop Flying, Minor Destruction, Lesser Servant of Makhleb, Major Destruction,
Greater Servant of Makhleb, Renounce Religion, Evoke Blink


You were in Pandemonium.
You worshipped Makhleb.
Makhleb was exalted by your worship.
You were not hungry.

You visited 11 branches of the dungeon, and saw 53 of its levels.
You visited Pandemonium 1 time, and saw 6 of its levels.
You visited the Abyss 1 time.
You also visited: Trove, Gauntlet, Ice Cave and Wizlab.

You collected 11520 gold pieces.
You spent 3723 gold pieces at shops.

Inventory:

Hand Weapons
 a - the +6 war axe "Podynaesch" (weapon) {drain, rC+ MR+ Str+3 Dex+4}
   (Okawaru gifted it to you on level 5 of the Lair of Beasts)

   A truly terrible weapon, it drains the life of those it strikes.
   It affects your strength (+3).
   It affects your dexterity (+4).
   It protects you from cold.
   It affects your resistance to hostile enchantments.
 b - the +8 eveningstar of Yphomn {vorpal, *Contam rC++ MR+++ MP+9}
   (Okawaru gifted it to you on level 3 of the Snake Pit)

   It inflicts extra damage upon your enemies.
   It greatly protects you from cold.
   It affects your resistance to hostile enchantments.
   It affects your magic capacity (+9).
   It causes magical contamination when unequipped.
 t - the +7 war axe of Radicalism {flame, Str+4 Dex+7}
   (You found it on level 5 of the Pits of Slime)

   It has been specially enchanted to burn those struck by it, causing extra
   injury to most foes and up to half again as much damage against particularly
   susceptible opponents.
   Big, fiery blades are also staple armaments of hydra-hunters.
   It affects your strength (+4).
   It affects your dexterity (+7).
 K - a +9 vampiric war axe
Missiles
 z - 27 silver javelins (quivered)
 M - 89 javelins
 R - 72 boomerangs
Armour
 h - a scarf of repulsion (worn)
 m - the +0 pair of gloves of Rounylarch (worn) {Dex+5}
   (You acquired it in a wizard's laboratory)

   It affects your dexterity (+5).
 o - the +3 crown of Dyrovepreva (worn) {rElec Int+2 SInv}
   (You found it on level 1 of the Depths)

   It affects your intelligence (+2).
   It insulates you from electricity.
   It lets you see invisible.
 v - the +3 warlock's mirror {reflect}
   (You bought it in a shop on level 2 of the Elven Halls)
 J - the +4 ring mail of the World (worn) {*Slow rF+++ rN++ Int-2}
   (You bought it in a shop on level 2 of the Orcish Mines)

   It affects your intelligence (-2).
   It renders you almost immune to fire.
   It greatly protects you from negative energy.
   It may slow you when you take damage.
 O - a +5 kite shield of reflection (worn)
 P - the +0 pair of boots of the Eight Eyes (worn) {rElec Str+5}
   (You found it on level 3 of the Crypt)

   It affects your strength (+5).
   It insulates you from electricity.
Jewellery
 k - the ring of Igul Pei (left hand) {+Blink rN+ Dex+6 Slay+3}
   (You found it on level 5 of the Pits of Slime)

   [ring of dexterity]

   It affects your dexterity (+6).
   It affects your accuracy and damage with ranged weapons and melee attacks
   (+3).
   It protects you from negative energy.
   It lets you blink.
 r - the amulet "Kucolo" (around neck) {RegenMP *Slow Str+3 Dex+2 Slay+4}
   (You found it on level 1 of the Shoals)

   [amulet of magic regeneration]

   It increases your magic regeneration.
   It affects your strength (+3).
   It affects your dexterity (+2).
   It affects your accuracy and damage with ranged weapons and melee attacks
   (+4).
   It may slow you when you take damage.
 F - the ring of the Empire {Int+6 Slay+2}
   (You found it in Pandemonium)

   [ring of intelligence]

   It affects your intelligence (+6).
   It affects your accuracy and damage with ranged weapons and melee attacks
   (+2).
 V - the ring of Veuzut {MR+ Dex+4}
   (You found it on level 3 of the Elven Halls)

   [ring of protection from magic]

   It affects your dexterity (+4).
   It affects your resistance to hostile enchantments.
 Y - the ring of Devotion (right hand) {rC+ rCorr Str+3 Int+4}
   (You found it in a Gauntlet)

   [ring of resist corrosion]

   It affects your strength (+3).
   It affects your intelligence (+4).
   It protects you from cold.
   It provides partial protection from all sources of acid and corrosion.
Wands
 j - a wand of flame (141)
 n - a wand of disintegration (36)
 p - a wand of acid (45)
 N - a wand of iceblast (60)
 S - a wand of digging (7)
 U - a wand of clouds (19)
Scrolls
 g - 14 scrolls of blinking
 i - 4 scrolls of summoning
 l - 18 scrolls of magic mapping
 u - 27 scrolls of remove curse
 x - 7 scrolls of fear
 y - 21 scrolls of teleportation
 A - a scroll of enchant armour
 B - 19 scrolls of identify
 C - 8 scrolls of fog
Potions
 d - 4 potions of magic
 e - 6 potions of haste
 q - 9 potions of heal wounds
 s - 6 potions of resistance
 w - 28 potions of curing
 D - a potion of brilliance
 E - a potion of mutation
 G - 4 potions of might
 W - 4 potions of cancellation
 X - 2 potions of ambrosia
Books
 c - a manual of Hexes
Comestibles
 f - 104 rations


   Skills:
 + Level 24.2 Fighting
 + Level 22.7(23.2) Axes
 + Level 10.1(18.8) Maces & Flails
 + Level 9.8 Throwing
 + Level 18.3 Armour
 + Level 16.6 Dodging
 + Level 12.3 Stealth
 O Level 27 Shields
 * Level 8.2 Spellcasting
 * Level 7.9 Summonings
 * Level 5.1 Translocations
 + Level 0.1 Transmutations
 + Level 7.4 Earth Magic
 + Level 4.9 Invocations
 + Level 0.3 Evocations


You had 25 spell levels left.
You knew the following spells:

 Your Spells              Type           Power        Failure   Level  Hunger
a - Sandblast             Erth           #####.       1%          1    None
b - Passwall              Tmut/Erth      ###.....     3%          2    None
c - Lee's Rapid Deconstr  Erth           #####.....   13%         5    #####..
d - Stone Arrow           Conj/Erth      ###...       6%          3    None
e - Aura of Abjuration    Summ           #####.....   11%         5    #####..
f - Apportation           Tloc           ####..       1%          1    None

Your spell library contained the following spells:

 Spells                   Type           Power        Failure   Level  Hunger
 Summon Butterflies       Summ           #####...     1%          1    None
 Summon Small Mammal      Summ           ####         1%          1    None
 Blink                    Tloc           N/A          1%          2    None
 Call Imp                 Summ           #####...     1%          2    None
 Call Canine Familiar     Summ           #####...     1%          3    None
 Recall                   Summ/Tloc      N/A          1%          3    None
 Lesser Beckoning         Tloc           ####......   3%          3    None
 Summon Guardian Golem    Hex/Summ       ###.....     6%          3    None
 Animate Skeleton         Necr           N/A          10%         1    None
 Beastly Appendage        Tmut           #.....       10%         1    None
 Corona                   Hex            #......      10%         1    None
 Foxfire                  Conj/Fire      #...         10%         1    None
 Freeze                   Ice            #...         10%         1    None
 Infusion                 Chrm           #...         10%         1    None
 Magic Dart               Conj           #...         10%         1    None
 Pain                     Necr           #...         10%         1    None
 Shock                    Conj/Air       #...         10%         1    None
 Sting                    Tmut/Pois      #...         10%         1    None
 Summon Demon             Summ           #####.....   11%         5    #####..
 Passage of Golubria      Tloc           N/A          12%         4    ###....
 Sticks to Snakes         Tmut           #.......     14%         2    None
 Corpse Rot               Necr/Air       N/A          16%         2    None
 Ensorcelled Hibernation  Hex/Ice        #.....       16%         2    None
 Slow                     Hex            #.......     16%         2    None
 Swiftness                Chrm/Air       #.......     16%         2    None
 Summon Ice Beast         Ice/Summ       ###.....     19%         4    ###....
 Summon Lightning Spire   Summ/Air       ###.....     19%         4    ###....
 Summon Forest            Summ/Tloc      ####......   19%         5    #####..
 Leda's Liquefaction      Hex/Erth       ###.......   22%         4    ###....
 Petrify                  Tmut/Erth      ###.....     22%         4    ###....
 Conjure Flame            Conj/Fire      #.......     28%         3    None
 Dazzling Flash           Conj/Hex       #.....       28%         3    None
 Ignite Poison            Fire/Tmut/Pois #.......     28%         3    None
 Mephitic Cloud           Conj/Pois/Air  #.......     28%         3    None
 Spider Form              Tmut/Pois      #.........   28%         3    None
 Static Discharge         Conj/Air       #.......     28%         3    None
 Confusing Touch          Hex            #.......     30%         3    None
 Frozen Ramparts          Ice            #.....       30%         3    None
 Inner Flame              Hex/Fire       #.......     30%         3    None
 Ozocubu's Armour         Chrm/Ice       #.......     30%         3    None
 Tukima's Dance           Hex            #.......     30%         3    None
 Summon Mana Viper        Hex/Summ       ###.....     47%         5    #####..
 Shadow Creatures         Summ           N/A          52%         6    ######.
 Hailstorm                Conj/Ice       #.......     67%         4    ###....
 Ice Form                 Ice/Tmut       #.......     67%         4    ###....
 Sticky Flame             Conj/Fire      #.......     67%         4    ###....
 Airstrike                Air            #.........   69%         4    ###....
 Animate Dead             Necr           N/A          69%         4    ###....
 Dispel Undead            Necr           #.......     69%         4    ###....
 Bolt of Magma            Conj/Fire/Erth ###.......   69%         5    #####..
 Alistair's Intoxication  Tmut/Pois      #.......     95%         5    #####..
 Blade Hands              Tmut           #.........   95%         5    #####..
 Excruciating Wounds      Chrm/Necr      #.........   95%         5    #####..
 Fireball                 Conj/Fire      #.........   95%         5    #####..
 Iskenderun's Battlesphe  Conj/Chrm      #.......     95%         5    #####..
 Lightning Bolt           Conj/Air       #.........   95%         5    #####..
 Metabolic Englaciation   Hex/Ice        #.........   95%         5    #####..
 Iron Shot                Conj/Erth      ###.......   97%         6    ######.
 Monstrous Menagerie      Summ           #####.....   97%         7    #######
 Summon Greater Demon     Summ           #####.....   97%         7    #######
 Malign Gateway           Summ/Tloc      ####......   99%         7    #######
 Darkness                 Hex            #.........   100%        6    ######.
 Death Channel            Necr           #.........   100%        6    ######.
 Freezing Cloud           Conj/Ice/Air   #.........   100%        6    ######.
 Invisibility             Hex            #.......     100%        6    ######.
 Ozocubu's Refrigeration  Ice            #.........   100%        6    ######.
 Simulacrum               Ice/Necr       #.........   100%        6    ######.
 Starburst                Conj/Fire      #.........   100%        6    ######.
 Orb of Destruction       Conj           #.........   100%        7    #######
 Ring of Flames           Chrm/Fire      #.........   100%        7    #######
 Spellforged Servitor     Conj/Summ      ###.......   100%        7    #######
 Borgnjor's Revivificati  Necr           #.........   100%        8    #######
 Chain Lightning          Conj/Air       #.........   100%        8    #######
 Controlled Blink         Tloc           N/A          100%        8    #######
 Ignition                 Fire           #.........   100%        8    #######
 Lehudib's Crystal Spear  Conj/Erth      ###.......   100%        8    #######
 Summon Horrible Things   Summ           #####.....   100%        8    #######
 Absolute Zero            Ice            #.........   100%        9    #######
 Fire Storm               Conj/Fire      #.........   100%        9    #######
 Shatter                  Erth           #####.....   100%        9    #######
 Tornado                  Air            #.........   100%        9    #######
 Sublimation of Blood     Necr           Unusable     N/A         2    N/A
 Statue Form              Tmut/Erth      Unusable     N/A         6    N/A

Dungeon Overview and Level Annotations

Branches:
Dungeon (15/15)            Temple (1/1) D:6            Lair (6/6) D:9
 Shoals (4/4) Lair:3        Snake (4/4) Lair:3        Slime (5/5) Lair:6
    Orc (2/2) D:9             Elf (3/3) Orc:2        Vaults (5/5) D:13
  Crypt (3/3) Vaults:2       Tomb (0/3) Crypt:3      Depths (5/5) D:15
    Zot (0/5) Depths:5      IceCv (visited)          WizLab (visited)
Gauntlet (visited)

Altars:
Cheibriados
Elyvilon
Fedhas
Hepliaklqana
Kikubaaqudgha
Makhleb
Nemelex Xobeh
Okawaru
Ru
Sif Muna
Trog
Uskayaw
Vehumet
Xom
The Shining One
Beogh
Jiyva

Shops:
D:13 !   D:15 (   Orc:2 [(*   Elf:2 [   Elf:3 ?   Snake:1 }:!   Vaults:1 [
Vaults:2 }   Vaults:3 ?   Vaults:5 :   Depths:1 ?

Portals:
Hell: Depths:1 Depths:2 Depths:3 Depths:4 Depths:5
Abyss: Depths:3 Depths:4
Pandemonium: Depths:1 Depths:3
Ziggurat: Depths:1

Annotations:
Lair:5 2 transporters, Vig Uhad's ghost, journeyman OpTm
Elf:1 34 runed doors
Elf:2 2 runed translucent doors, wjchen's ghost, adept MiFi
Vaults:4 1 runed translucent door, Vatovie's ghost, veteran MiFi
Pan Cerebov


Innate Abilities, Weirdness & Mutations

You are resistant to torment.
Your stone body is resilient. (AC +20)
You are immune to poison.
Your large and strong wings let you fly indefinitely.
You resist negative energy. (rN+)
You are resistant to electric shocks. (rElec)
You can survive without breathing.
You are immune to petrification.
You are immune to rotting.
You have very sharp teeth.
You have large cloven feet.
You have a somewhat thin skeletal structure. (Dex +2, Stealth)
Your mind is very acute. (Int +4)
Armour fits poorly on your strangely shaped body.
Your magical capacity is low. (-10% MP)
You passively map a small area around you.
You do not regenerate when monsters are visible.
You are weak. (Str -2)
Potions are less effective at restoring your health.


Message History

You open Cerebov like a pillowcase!!! You bite Cerebov, but do no damage.
Cerebov is heavily wounded.
You feel less vulnerable to fire.
Cerebov hits you with the +6 sword of Cerebov {flame}!!!!
* * * LOW HITPOINT WARNING * * *
The sword of Cerebov burns away your fire resistance.
Unknown command.
Your system partially rejects the healing.
You feel much better.
You hit Cerebov but do no damage.
Cerebov is heavily wounded.
Cerebov hits you but does no damage.
Press: ? - help, v - describe, . - travel
Here: a fire vortex The floor.
Unknown command.
You barely miss Cerebov. You bite Cerebov.
Cerebov is heavily wounded.
Cerebov hits you with the +6 sword of Cerebov {flame}!!!
You die...

...#####.....................# #.
...#...#..##..##..##..##..##.# #.
...#|=}##########################
...#...#.......................##
...####'.#####################.#,
....##...#####################'##
.....#.###..........).)..#.......
....##.#***##..)).#####..#.#.#.#.
....##(#*,,,##')@##,,,#..#.......
.....#.#*,,,,#..&#,,,,#..#.#.....
....##.#*,,.......,,,,#..#.......
....##.#*..........,,,#..#.#.....
.....#.#*..v.v......,,#..'.......
....##.#*'##.......##+####.#.....
....##.#*,,#.#...#.#,,*,,#.......
.....#.#*,,#.#...#.#,,*,,#.#.....
....##.#*,,*,,,,,,,*,,**+#.......


You could see Cerebov (fast, strong) and 2 fire vortices.

Vanquished Creatures
  the Royal Jelly (Slime:5)
  Dissolution (Slime:3)
  Lom Lobon (Pan)
  Mnoleg (Pan)
  Khufu (Crypt:2)
  Mara (Snake:3)
  4 ancient liches
  Vashnia (Snake:4)
  Bai Suzhen (Snake:4)
  A curse toe (Crypt:3)
  A pandemonium lord (Pan)
  Nikola (Snake:1)
  A Hellbinder (WizLab)
  A profane servitor (Abyss:5)
  Jory (Depths:5)
  9 golden dragons
  5 bone dragons
  2 Brimstone Fiends (Pan)
  A Tzitzimitl (Pan)
  12 liches
  2 hellephants (Abyss:5)
  Jorgrun (D:12)
  8 tentacled monstrosities
  2 Hell Sentinels
  10 deep elf master archers
  17 titans
  2 quicksilver dragons
  2 krakens
  6 deep elf blademasters
  29 acid blobs
  8 ancient champions
  9 sphinxes
  Polyphemus (Shoals:2)
  An Executioner (Pan)
  9 storm dragons
  3 shadow dragons
  7 tengu reavers
  Donald (Snake:4)
  Roxanne (D:14)
  8 tentacled starspawn
  11 nagarajas
  Ilsuiw (Shoals:3)
  A revenant (Vaults:2)
  17 frost giants
  11 azure jellies
  An iron dragon (Vaults:5)
  23 fire giants
  12 cacodemons
  6 deep elf sorcerers
  21 vault wardens
  17 balrugs
  2 draconian scorchers
  Aizul (Snake:1)
  6 deep elf elementalists
  A curse skull (Crypt:3)
  2 orc warlords
  18 ironheart preservers
  2 draconian shifters (Abyss:5)
  An angel (Abyss:5)
  A caustic shrike skeleton (Crypt:2)
  A reaper (Depths:4)
  43 stone giants
  2 ghouls
  3 draconian annihilators (Pan)
  An entropy weaver (Vaults:2)
  3 war gargoyles
  21 very ugly things
  2 spriggan defenders (Depths:3)
  A red draconian (Depths:3)
  4 green draconians
  10 deep elf demonologists
  9 deep elf annihilators
  2 black suns
  6 dire elephants (Abyss:5)
  A minotaur (Gauntlet)
  A black draconian (Depths:5)
  2 yellow draconians
  A white draconian (Depths:1)
  3 purple draconians
  5 lorocyprocas
  8 vampire knights
  6 spark wasps
  3 blizzard demons
  6 deep elf death magi
  11 ettins
  A crystal guardian (Vaults:5)
  4 eidola
  9 merfolk impalers
  4 green deaths (Pan)
  5 death oozes
  5 merfolk javelineers (Shoals:4)
  10 fire dragons
  17 great orbs of eyes
  A mummy priest (Crypt:3)
  9 deep elf high priests
  16 yaktaur captains
  13 jiangshi
  5 rakshasas
  8 hydras
  6 ice dragons
  3 hell beasts
  11 naga warriors
  34 vault guards
  A monstrous demonspawn (Pan)
  3 merfolk avatars
  13 centaur warriors
  5 merfolk aquamancers
  3 spriggan air magi
  3 satyrs
  3 alligator snapping turtles
  2 catoblepae
  17 anacondas
  5 death knights
  29 dancing weapons
  A satyr (shapeshifter) (D:15)
  12 deep troll shamans
  9 deep troll earth magi
  18 ogre magi
  16 tengu warriors
  57 two-headed ogres
  15 thrashing horrors
  15 naga sharpshooters
  13 death yaks
  12 vampire magi
  A shock serpent (shapeshifter) (Depths:3)
  20 spriggan berserkers
  10 soul eaters
  12 shock serpents
  19 sun demons
  2 hell knights
  12 wretched stars
  2 shadow wraiths
  24 deep elf knights
  3 spriggans (Depths:5)
  A fire crab (shapeshifter) (Vaults:2)
  A titan skeleton (Crypt:3)
  27 skeletal warriors
  A ghost moth zombie (Crypt:3)
  7 sea snakes
  4 spatial maelstroms (Abyss:5)
  10 sixfirhies
  4 unseen horrors
  3 salamander mystics
  13 glowing orange brains
  6 iron trolls
  41 large abominations
  9 wizards
  2 gelid demonspawn (Pan)
  An infernal demonspawn (Depths:1)
  2 shadow demons (Pan)
  26 deep trolls
  An orange crystal statue (Depths:5)
  7 flayed ghosts
  An obsidian statue (Vaults:4)
  11 naga ritualists
  2 quicksilver dragon simulacra (Depths:4)
  50 starcursed masses
  35 deep elf archers
  20 orc knights
  8 harpies
  18 ironbrand convokers
  9 mana vipers
  10 phantasmal warriors
  A wolf spider zombie (D:14)
  70 deep elf magi
  3 necromancers
  2 wolf spiders
  A harpy (shapeshifter) (Depths:5)
  A salamander (shapeshifter) (Vaults:2)
  5 worldbinders
  4 orc sorcerers
  16 manticores
  3 oklob plants (Lair:4)
  A shining eye (shapeshifter) (Vaults:5)
  11 salamanders
  13 fauns
  A frost giant skeleton (Vaults:1)
  A frost giant zombie (Vaults:3)
  56 ugly things
  5 cyclopes
  6 shining eyes
  A moth of wrath (Gauntlet)
  A stone giant skeleton (Vaults:1)
  24 vault sentinels
  13 guardian serpents (Snake:4)
  10 merfolk sirens
  Joseph (D:7)
  15 rust devils
  39 black mambas
  11 elephants
  A torpor snail (shapeshifter) (Depths:4)
  2 water nymphs (shapeshifter)
  4 eyes of devastation
  4 apocalypse crabs
  17 naga magi
  A torpor snail (Lair:5)
  8 spiny frogs
  6 ice statues
  12 orange demons
  3 water nymphs
  A dire elephant skeleton (Crypt:1)
  A spiny frog (shapeshifter) (Depths:2)
  2 gargoyles
  15 smoke demons
  An alligator snapping turtle skeleton (Crypt:1)
  A minotaur zombie (Gauntlet)
  A yaktaur zombie (Vaults:3)
  3 rime drakes
  3 hellions
  3 kobold demonologists (D:12)
  A rime drake (shapeshifter) (Vaults:5)
  12 efreet
  7 komodo dragons
  3 anaconda simulacra (IceCv)
  2 redback zombies (Crypt:2)
  5 ice devils
  17 freezing wraiths
  A minotaur skeleton (Crypt:1)
  78 yaktaurs
  3 tormentors
  29 merfolk
  18 hellwings
  A purple draconian skeleton (Crypt:2)
  15 ancient zymes (Abyss:5)
  9 guardian mummies (Crypt:3)
  16 red devils
  9 tengu conjurers
  A human skeleton (Vaults:3)
  A black draconian skeleton (Crypt:3)
  A jumping spider (shapeshifter) (Vaults:5)
  A troll (shapeshifter) (Depths:2)
  9 trolls
  6 hornets
  A polar bear (shapeshifter) (D:15)
  A tyrant leech (shapeshifter) (Vaults:5)
  Grinder (D:5)
  5 polar bears
  24 blink frogs
  7 wind drakes
  A hornet (shapeshifter) (Depths:4)
  A shadow dragon simulacrum (Vaults:3)
  19 small abominations
  64 slime creatures
  4 dream sheep (Shoals:1)
  26 raiju
  2 redbacks (Vaults:2)
  A frost giant simulacrum (Abyss:3)
  A human simulacrum (Vaults:3)
  A fire dragon zombie (Crypt:1)
  16 hippogriffs
  5 snapping turtles
  A bog body (Crypt:3)
  A dire elephant simulacrum (IceCv)
  2 spriggans (shapeshifter)
  22 flying skulls
  11 shadows
  A snapping turtle (shapeshifter) (D:15)
  28 water elementals
  2 tarantellas (shapeshifter)
  3 air elementals (Elf:1)
  15 ynoxinuls
  A vampire (D:15)
  A wyvern (Lair:2)
  14 wraiths
  2 hogs (D:12)
  20 humans
  7 fire elementals
  51 yaks
  A human (shapeshifter) (Vaults:3)
  8 golden eyes
  A steam dragon (shapeshifter) (D:13)
  2 yaks (shapeshifter)
  6 hungry ghosts
  6 basilisks
  A golden eye (shapeshifter) (Vaults:3)
  8 chaos spawn
  25 neqoxecs
  9 wargs
  Menkaure (D:5)
  A yaktaur simulacrum (Vaults:2)
  6 spatial vortices (Abyss:5)
  48 nagas
  15 water moccasins
  A two-headed ogre zombie (Crypt:2)
  A harpy simulacrum (IceCv)
  A water nymph zombie (Crypt:1)
  An acid dragon (Vaults:2)
  A soldier ant (D:15)
  An orb spider zombie (Crypt:3)
  2 hydra simulacra (IceCv)
  13 porcupines
  Duvessa (D:5)
  A spiny frog zombie (Crypt:3)
  5 floating eyes
  48 orc warriors
  8 hell hounds
  12 ice beasts
  A black bear (shapeshifter) (Depths:1)
  2 ice beasts (shapeshifter)
  3 sky beasts
  A hornet zombie (D:9)
  2 human zombies
  5 black bears
  12 eyes of draining
  6 ettin simulacra
  2 necrophages
  26 wolves
  A wolf (shapeshifter) (Vaults:5)
  34 ogres
  19 boggarts
  14 centaurs
  12 crocodiles
  A komodo dragon zombie (Crypt:2)
  4 big kobolds
  9 earth elementals
  21 bullfrogs
  An elf simulacrum (Vaults:1)
  A draconian skeleton (Crypt:1)
  A gnoll sergeant (Orc:1)
  A water moccasin zombie (Crypt:3)
  Dowan (D:5)
  A wyvern zombie (D:9)
  6 scorpions
  A water moccasin skeleton (Crypt:2)
  A raiju skeleton (Crypt:2)
  A yak skeleton (Crypt:3)
  6 killer bees
  16 wights
  3 electric eels
  4 howler monkeys
  A vampire bat (Lair:4)
  A spriggan skeleton (Crypt:1)
  A bullfrog zombie (D:12)
  4 centaur zombies
  15 crimson imps
  9 jellies
  24 orc wizards
  14 hounds
  15 orc priests
  2 centaur skeletons
  2 iron imps
  A black bear skeleton (Crypt:3)
  5 iguanas
  11 worker ants
  6 hell rats (Lair:4)
  A killer bee zombie (D:7)
  A demigod skeleton (Crypt:3)
  A hound zombie (D:7)
  3 mummies (Crypt:2)
  A worker ant zombie (D:8)
  A gnoll (D:1)
  A howler monkey skeleton (D:5)
  13 adders
  6 shadow imps
  A white imp (Abyss:3)
  2 ufetubi (Gauntlet)
  21 oozes
  2 adder skeletons
  An adder zombie (Crypt:3)
  A halfling zombie (Crypt:1)
  4 worms
  4 ball lightnings (Pan)
  2 dart slugs (D:1)
  6 leopard geckos
  110 orcs
  3 giant cockroaches
  5 goblins
  9 hobgoblins
  13 jackals
  16 kobolds
  5 quokkas
  A ball python (Snake:3)
  14 bats
  7 frilled lizards
  A frilled lizard zombie (Crypt:1)
  3 goblin skeletons (D:7)
  A goblin zombie (D:7)
  A jackal skeleton (D:8)
  2 orc skeletons
  An orc zombie (D:7)
  A quokka skeleton (Crypt:2)
  A quokka zombie (D:8)
  7 rats
  4 crawling corpses
  A fire vortex (Pan)
  6 fungi
  4 lurking horrors (Abyss:5)
  3 plants
  12 starspawn tentacles
  3 tentacles
3213 creatures vanquished.

Vanquished Creatures (others)
  An ancient lich (Crypt:3)
  A bone dragon (Abyss:5)
  2 starcursed masses (Abyss:5)
  A green death (Pan)
  A great orb of eyes (Abyss:5)
  A naga warrior (Abyss:5)
  An ogre mage (Vaults:3)
  2 deep elf knights (Depths:3)
  2 wretched stars (Abyss:5)
  A spatial maelstrom (Abyss:5)
  2 shadow wraiths (Vaults:3)
  A sea snake (Shoals:4)
  A necromancer (Depths:2)
  2 harpies (Shoals:4)
  A manticore (Shoals:4)
  4 large abominations (Abyss:5)
  A black mamba (Snake:4)
  A naga mage (Abyss:5)
  An ice statue (IceCv)
  A guardian serpent (Abyss:5)
  A smoke demon (Abyss:5)
  A demonic crawler (Abyss:5)
  A freezing wraith (Abyss:5)
  A polar bear (shapeshifter) (Elf:1)
  A slime creature (Slime:1)
  4 raiju (Abyss:5)
  A ynoxinul (Abyss:5)
  A chaos spawn (Abyss:5)
  A golden eye (Slime:5)
  A neqoxec (Abyss:5)
  3 nagas
  9 spatial vortices (Abyss:5)
  3 small abominations (Abyss:5)
  5 ball lightnings (Pan)
  15 fungi
  2 lurking horrors
  23 plants
  30 starspawn tentacles
  8 tentacles
139 creatures vanquished.

Grand Total: 3352 creatures vanquished

Notes
Turn   | Place    | Note
-------+----------+-------------------------------------------
     0 | D:1      | dvd2 the Gargoyle Gladiator began the quest for the Orb.
     0 | D:1      | Reached XP level 1. HP: 12/12 MP: 1/1
    54 | D:1      | Reached XP level 2. HP: 11/17 MP: 2/2
   329 | D:1      | Reached XP level 3. HP: 11/21 MP: 3/3
   736 | D:1      | Reached skill level 1 in Armour
  1045 | D:1      | Reached XP level 4. HP: 27/27 MP: 4/4
  1257 | D:2      | Found a white marble altar of Elyvilon.
  1702 | D:2      | Reached skill level 1 in Shields
  1702 | D:2      | Reached XP level 5. HP: 17/31 MP: 5/5
  1838 | D:2      | Found a bloodstained altar of Trog.
  2601 | D:4      | Reached skill level 2 in Shields
  2761 | D:4      | Reached XP level 6. HP: 36/36 MP: 6/6
  3165 | D:4      | Reached skill level 3 in Shields
  3165 | D:4      | Reached XP level 7. HP: 41/41 MP: 7/7
  3200 | D:4      | Reached skill level 5 in Axes
  3584 | D:5      | Entered Level 5 of the Dungeon
  3598 | D:5      | Noticed Duvessa
  3598 | D:5      | Noticed Dowan
  3624 | D:5      | Killed Duvessa
  3652 | D:5      | Killed Dowan
  3685 | D:5      | Noticed Menkaure
  3694 | D:5      | Killed Menkaure
  3694 | D:5      | Reached skill level 4 in Shields
  4096 | D:5      | Reached XP level 8. HP: 40/48 MP: 8/8
  4307 | D:5      | Got a ripped robe
  4422 | D:5      | Reached skill level 5 in Shields
  4712 | D:5      | Noticed Grinder
  4731 | D:5      | Killed Grinder
  4731 | D:5      | Reached skill level 1 in Stealth
  4901 | D:6      | Reached skill level 6 in Shields
  5004 | D:6      | Found a shimmering blue altar of Sif Muna.
  5027 | D:6      | Identified the +3 robe of Articulation {rC++ rN+ rCorr
                  | Dex-4} (You found it on level 5 of the Dungeon)
  5118 | D:6      | Reached XP level 9. HP: 52/52 MP: 9/9
  5346 | D:6      | Found a staircase to the Ecumenical Temple.
  5361 | Temple   | Entered the Ecumenical Temple
  5374 | Temple   | Became a worshipper of Warmaster Okawaru
  5481 | D:6      | Reached skill level 7 in Shields
  6059 | D:6      | Reached * piety under Okawaru
  6324 | D:7      | Found a runed translucent door.
  6328 | D:7      | Found a runed translucent door.
  6349 | D:7      | Found a burning altar of Makhleb.
  6389 | D:7      | Reached skill level 5 in Fighting
  6390 | D:7      | Noticed Joseph
  6434 | D:7      | Killed Joseph
  6434 | D:7      | Reached skill level 8 in Shields
  6549 | D:7      | Found a glowing golden altar of the Shining One.
  6660 | D:7      | Reached ** piety under Okawaru
  7002 | D:7      | Reached XP level 10. HP: 55/59 MP: 10/10
  7199 | D:7      | Noticed a death knight
  7199 | D:7      | Noticed a two-headed ogre
  7223 | D:7      | Killed a two-headed ogre
  7223 | D:7      | Reached skill level 5 in Armour
  7241 | D:7      | Reached skill level 9 in Shields
  7343 | D:7      | Reached *** piety under Okawaru
  7419 | D:7      | Noticed a gargoyle
  7436 | D:7      | Killed a gargoyle
  7436 | D:7      | Reached skill level 1 in Maces & Flails
  8093 | D:7      | Killed a death knight
  8093 | D:7      | Reached skill level 1 in Invocations
  9025 | D:8      | Reached skill level 10 in Shields
  9025 | D:8      | Reached XP level 11. HP: 55/64 MP: 11/11
  9496 | D:8      | Gained mutation: You are surrounded by a mild repulsion
                  | field. (EV +2) [potion of mutation]
  9496 | D:8      | Gained mutation: You are resistant to hostile enchantments.
                  | (MR+) [potion of mutation]
  9602 | D:9      | Found a staircase to the Orcish Mines.
  9608 | D:9      | Found a staircase to the Lair.
  9625 | D:9      | Received a gift from Okawaru
  9638 | D:9      | Reached skill level 10 in Axes
  9739 | D:9      | Learned a level 1 spell: Sandblast
 10105 | D:9      | Found a blossoming altar of Fedhas.
 10107 | D:9      | Found an ancient bone altar of Kikubaaqudgha.
 10279 | D:10     | Entered Level 10 of the Dungeon
 10313 | D:10     | Reached **** piety under Okawaru
 11851 | Lair:1   | Entered Level 1 of the Lair of Beasts
 12100 | Lair:1   | Reached ***** piety under Okawaru
 12259 | Lair:1   | Received a gift from Okawaru
 12259 | Lair:1   | Reached skill level 1 in Spellcasting
 12260 | Lair:1   | Got a dazzling fustibalus {god gift}
 12264 | Lair:1   | Identified the +6 fustibalus "Beegg" {freeze, rN+ SInv}
                  | (Okawaru gifted it to you on level 1 of the Lair of Beasts)
 12378 | Lair:1   | Noticed a seven-headed hydra
 12408 | Lair:1   | Reached skill level 11 in Shields
 12425 | Lair:1   | Reached skill level 1 in Earth Magic
 12451 | Lair:1   | Killed a one-headed hydra
 12468 | Lair:1   | Reached XP level 12. HP: 32/71 MP: 14/14
 12688 | Lair:1   | Reached skill level 5 in Dodging
 13116 | Lair:2   | Found a gate leading to a gauntlet.
 13136 | Gauntlet | Entered a Gauntlet
 13136 | Gauntlet | Found a transporter.
 13136 | Gauntlet | Found a transporter.
 13154 | Gauntlet | Found a transporter.
 13158 | Gauntlet | Found a transporter.
 13170 | Gauntlet | Found a transporter.
 13174 | Gauntlet | Found a transporter.
 13179 | Gauntlet | Found a transporter.
 13194 | Gauntlet | Found a transporter.
 13208 | Gauntlet | Found a transporter.
 13212 | Gauntlet | Found a transporter.
 13220 | Gauntlet | Found a transporter.
 13224 | Gauntlet | Found a transporter.
 13401 | Gauntlet | Received a gift from Okawaru
 13543 | Gauntlet | Got a wavering bone ring
 13547 | Gauntlet | Identified the ring of Devotion {rC+ rCorr Str+3 Int+4}
                  | (You found it in a Gauntlet)
 13600 | Gauntlet | Noticed a minotaur
 13612 | Gauntlet | Killed a minotaur
 13612 | Gauntlet | Received a gift from Okawaru
 14035 | Lair:2   | Received a gift from Okawaru
 14050 | Lair:2   | Reached skill level 5 in Earth Magic
 14067 | Lair:2   | Got a glimmering hand axe {god gift}
 14068 | Lair:2   | Identified the +1 hand axe of Qim Egg {flame, rF+ Int+4}
                  | (Okawaru gifted it to you on level 2 of the Lair of Beasts)
 14789 | Lair:3   | Reached skill level 12 in Shields
 14811 | Lair:3   | Reached ****** piety under Okawaru
 15008 | Lair:3   | Reached XP level 13. HP: 76/76 MP: 17/19
 15249 | Lair:3   | Found a staircase to the Snake Pit.
 15851 | Lair:3   | Found a staircase to the Shoals.
 16130 | Lair:4   | Received a gift from Okawaru
 17701 | Lair:5   | Received a gift from Okawaru
 17701 | Lair:5   | Reached skill level 13 in Shields
 17718 | Lair:5   | Got a shimmering war axe {god gift}
 17719 | Lair:5   | Identified the +6 war axe "Podynaesch" {drain, rC+ MR+
                  | Str+3 Dex+4} (Okawaru gifted it to you on level 5 of the
                  | Lair of Beasts)
 18218 | Lair:5   | Noticed Vig Uhad's ghost (journeyman OpTm)
 18234 | Lair:5   | Received a gift from Okawaru
 18237 | Lair:5   | Got a faintly glowing robe {god gift}
 18248 | Lair:5   | Identified the +2 robe of Limited Liability {Int+3}
                  | (Okawaru gifted it to you on level 5 of the Lair of Beasts)
 18380 | Lair:5   | Found a transporter.
 18387 | Lair:5   | Found a transporter.
 18632 | Lair:6   | Entered Level 6 of the Lair of Beasts
 18661 | Lair:6   | Gained mutation: Your large and strong wings let you fly
                  | indefinitely. [Gargoyle growth]
 18661 | Lair:6   | Reached XP level 14. HP: 84/84 MP: 20/20
 18789 | Lair:6   | Found a viscous altar of Jiyva.
 18790 | Lair:6   | Found a staircase to the Slime Pits.
 19555 | Lair:6   | Received a gift from Okawaru
 19555 | Lair:6   | Reached skill level 14 in Shields
 19558 | Lair:6   | Got a pair of glimmering gloves {god gift}
 19564 | Lair:6   | Identified the -2 pair of gloves of Okawaru's Hope {rPois}
                  | (Okawaru gifted it to you on level 6 of the Lair of Beasts)
 19591 | Lair:6   | Identified the Incunabulum of Blistering Toxins
 19983 | Orc:1    | Entered Level 1 of the Orcish Mines
 19984 | Orc:1    | Noticed an orc warlord
 19997 | Orc:1    | Gained mutation: You do not regenerate when monsters are
                  | visible. [a neqoxec]
 20133 | Orc:1    | Killed an orc warlord
 20606 | Orc:1    | Found a radiant altar of Vehumet.
 20845 | Orc:2    | Entered Level 2 of the Orcish Mines
 21019 | Orc:2    | Lost mutation: You are resistant to hostile enchantments.
                  | (MR+) [potion of mutation]
 21019 | Orc:2    | Lost mutation: You do not regenerate when monsters are
                  | visible. [potion of mutation]
 21019 | Orc:2    | Lost mutation: You are surrounded by a mild repulsion
                  | field. (EV +2) [potion of mutation]
 21019 | Orc:2    | Gained mutation: You are dopey. (Int -2) [potion of
                  | mutation]
 21019 | Orc:2    | Gained mutation: You are very dopey. (Int -4) [potion of
                  | mutation]
 21019 | Orc:2    | Gained mutation: Your spells are a little easier to cast,
                  | but a little less powerful. [potion of mutation]
 21019 | Orc:2    | Gained mutation: You possess an exceptional clarity of
                  | mind. [potion of mutation]
 21311 | Orc:2    | Found Cyelyliqaj's Antique Armour Shop.
 21324 | Orc:2    | Reached XP level 15. HP: 92/92 MP: 21/21
 21334 | Orc:2    | Bought a pair of embroidered boots for 307 gold pieces
 21344 | Orc:2    | Bought a pitted chain mail for 389 gold pieces
 21354 | Orc:2    | Identified the +4 chain mail of Othihua {rPois} (You bought
                  | it in a shop on level 2 of the Orcish Mines)
 21354 | Orc:2    | Bought a twisted ring mail for 369 gold pieces
 21364 | Orc:2    | Identified the +3 ring mail of Boredom {Harm Regen+} (You
                  | bought it in a shop on level 2 of the Orcish Mines)
 21370 | Orc:2    | Bought a bloodstained ring mail for 369 gold pieces
 21370 | Orc:2    | Identified the +4 ring mail of the World {*Slow rF+++ rN++
                  | Int-2} (You bought it in a shop on level 2 of the Orcish
                  | Mines)
 21381 | Orc:2    | Lost mutation: Your spells are a little easier to cast, but
                  | a little less powerful. [potion of mutation]
 21381 | Orc:2    | Lost mutation: You possess an exceptional clarity of mind.
                  | [potion of mutation]
 21381 | Orc:2    | Lost mutation: You are very dopey. (Int -4) [potion of
                  | mutation]
 21381 | Orc:2    | Gained mutation: Your body sometimes deteriorates upon
                  | taking damage. [potion of mutation]
 21381 | Orc:2    | Gained mutation: You are partially covered in iridescent
                  | scales. (AC +2) [potion of mutation]
 21393 | Orc:2    | Found Opoplough's Antique Weapon Shoppe.
 21584 | Orc:2    | Found a roughly hewn altar of Beogh.
 21631 | Orc:2    | Found a staircase to the Elven Halls.
 21817 | Orc:2    | Found Caotoq's Food Shoppe.
 21828 | Orc:2    | Found Dotiunie's Assorted Antiques.
 21847 | Orc:2    | Reached skill level 10 in Fighting
 21899 | Orc:2    | Bought a slimy war axe for 229 gold pieces
 21899 | Orc:2    | Identified the +4 war axe of the Little People {vamp, rC-
                  | MR+++ Int+4 Stlth-} (You bought it in a shop on level 2 of
                  | the Orcish Mines)
 22758 | D:12     | Received a gift from Okawaru
 22761 | D:12     | Identified the +2 robe "Naucs" {Regen+} (Okawaru gifted it
                  | to you on level 12 of the Dungeon)
 22990 | D:12     | Reached skill level 15 in Shields
 23203 | D:12     | Noticed Jorgrun
 23215 | D:12     | Killed Jorgrun
 23427 | D:13     | Found Gynun's Distillery.
 23538 | D:13     | Learned a level 2 spell: Passwall
 23782 | D:13     | Found a gate to the Vaults.
 23920 | D:13     | Noticed a storm dragon
 23936 | D:13     | Killed a storm dragon
 23936 | D:13     | Reached skill level 15 in Axes
 24283 | D:14     | Received a gift from Okawaru
 24622 | D:14     | Identified Roxanne's Guide on Earth
 24622 | D:14     | Noticed Roxanne
 24649 | D:14     | Killed Roxanne
 24649 | D:14     | Reached XP level 16. HP: 89/99 MP: 21/23
 24989 | D:15     | Entered Level 15 of the Dungeon
 25042 | D:15     | Found Sicvuty's Weapon Boutique.
 25112 | D:15     | Reached skill level 5 in Spellcasting
 25699 | D:15     | Received a gift from Okawaru
 25724 | D:15     | Reached skill level 16 in Shields
 25934 | D:15     | Found a staircase to the Depths.
 25944 | D:15     | Received a gift from Okawaru
 25959 | D:15     | Got a scorched battleaxe {god gift}
 25960 | D:15     | Identified the +6 battleaxe of Kechauh {flame, rF+ MR+}
                  | (Okawaru gifted it to you on level 15 of the Dungeon)
 26309 | Snake:1  | Entered Level 1 of the Snake Pit
 26341 | Snake:1  | Noticed Nikola
 26370 | Snake:1  | Killed Nikola
 26547 | Snake:1  | Noticed Aizul
 26566 | Snake:1  | Killed Aizul
 26763 | Snake:1  | Found a frozen archway.
 26786 | Snake:1  | Received a gift from Okawaru
 26800 | IceCv    | Entered an ice cave
 26824 | IceCv    | Identified a scroll of acquirement
 27033 | IceCv    | Received a gift from Okawaru
 27047 | IceCv    | Got a pitted broad axe {god gift}
 27048 | IceCv    | Identified the +1 broad axe of Disorder {freeze, +Inv MR+
                  | Dex+3} (Okawaru gifted it to you in an ice cave)
 27069 | IceCv    | Got a polished helmet
 27080 | IceCv    | Identified the +2 helmet of Polytheism {-Cast rPois Int+4
                  | SInv} (You found it in an ice cave)
 27158 | Snake:1  | Found Mafy's Distillery.
 27234 | Snake:1  | Found Hosmih's Gadget Boutique.
 27426 | Snake:1  | Reached XP level 17. HP: 74/106 MP: 24/24
 27514 | Snake:1  | Found Rykuexur's Book Emporium.
 28508 | Snake:3  | Reached skill level 17 in Shields
 28535 | Snake:3  | Received a gift from Okawaru
 28560 | Snake:3  | Got a transparent eveningstar {god gift}
 28561 | Snake:3  | Identified the +8 eveningstar of Yphomn {vorpal, *Contam
                  | rC++ MR+++ MP+9} (Okawaru gifted it to you on level 3 of
                  | the Snake Pit)
 29065 | Snake:3  | Received a gift from Okawaru
 29173 | Snake:3  | Noticed Mara
 29192 | Snake:3  | Received a gift from Okawaru
 29192 | Snake:3  | Reached skill level 5 in Maces & Flails
 29221 | Snake:3  | Killed Mara
 29221 | Snake:3  | Received a gift from Okawaru
 29629 | Snake:4  | Entered Level 4 of the Snake Pit
 29995 | Snake:4  | Noticed Donald
 30018 | Snake:4  | Killed Donald
 30039 | Snake:4  | Reached XP level 18. HP: 78/113 MP: 25/25
 30349 | Snake:4  | Noticed Vashnia
 30391 | Snake:4  | Killed Vashnia
 30730 | Snake:4  | Received a gift from Okawaru
 30733 | Snake:4  | Reached skill level 18 in Shields
 30759 | Snake:4  | Received a gift from Okawaru
 31165 | Snake:4  | Noticed Bai Suzhen
 31192 | Snake:4  | Killed Bai Suzhen
 31219 | Snake:4  | Reached skill level 10 in Maces & Flails
 31385 | Snake:4  | Got a serpentine rune of Zot
 31543 | Shoals:1 | Entered Level 1 of the Shoals
 31722 | Shoals:1 | Got a smoking silver amulet
 31723 | Shoals:1 | Identified the amulet "Kucolo" {RegenMP *Slow Str+3 Dex+2
                  | Slay+4} (You found it on level 1 of the Shoals)
 31956 | Shoals:1 | Reached XP level 19. HP: 113/120 MP: 26/26
 32231 | Shoals:2 | Noticed Polyphemus
 32243 | Shoals:2 | Received a gift from Okawaru
 32252 | Shoals:2 | Killed Polyphemus
 32479 | Shoals:2 | Received a gift from Okawaru
 33652 | Shoals:3 | Received a gift from Okawaru
 33655 | Shoals:3 | Identified the +7 battleaxe of Wuceipt {vorpal, rPois}
                  | (Okawaru gifted it to you on level 3 of the Shoals)
 33845 | Shoals:3 | Reached skill level 19 in Shields
 34464 | Shoals:3 | Noticed Ilsuiw
 34489 | Shoals:3 | Killed Ilsuiw
 34578 | Shoals:4 | Entered Level 4 of the Shoals
 34646 | Shoals:4 | Identified the cursed +1 mace of Ceulluim {drain, rC++}
                  | (You found it on level 4 of the Shoals)
 34688 | Shoals:4 | Received a gift from Okawaru
 34793 | Shoals:4 | Reached skill level 5 in Throwing
 35123 | Shoals:4 | Reached skill level 5 in Stealth
 35193 | Shoals:4 | Got a barnacled rune of Zot
 36468 | Elf:1    | Entered Level 1 of the Elven Halls
 36678 | Elf:1    | Reached XP level 20. HP: 128/128 MP: 27/27
 36833 | Elf:1    | Received a gift from Okawaru
 37017 | Elf:1    | Found a huge runed gate.
 37017 | Elf:1    | Found a huge runed gate.
 37017 | Elf:1    | Found a huge runed gate.
 37037 | Elf:1    | Found a huge runed gate.
 37037 | Elf:1    | Found a huge runed gate.
 37037 | Elf:1    | Found a huge runed gate.
 37037 | Elf:1    | Found a huge runed gate.
 37037 | Elf:1    | Found a huge runed gate.
 37043 | Elf:1    | Found a huge runed gate.
 37043 | Elf:1    | Found a huge runed gate.
 37053 | Elf:1    | Found a huge runed gate.
 37053 | Elf:1    | Found a huge runed gate.
 37054 | Elf:1    | Found a huge runed gate.
 37055 | Elf:1    | Found a huge runed gate.
 37055 | Elf:1    | Found a huge runed gate.
 37061 | Elf:1    | Found a huge runed gate.
 37061 | Elf:1    | Found a huge runed gate.
 37061 | Elf:1    | Found a huge runed gate.
 37061 | Elf:1    | Found a huge runed gate.
 37061 | Elf:1    | Found a huge runed gate.
 37061 | Elf:1    | Found a huge runed gate.
 37061 | Elf:1    | Found a huge runed gate.
 37088 | Elf:1    | Found a huge runed gate.
 37089 | Elf:1    | Found a huge runed gate.
 37090 | Elf:1    | Found a huge runed gate.
 37090 | Elf:1    | Found a huge runed gate.
 37091 | Elf:1    | Found a huge runed gate.
 37097 | Elf:1    | Found a huge runed gate.
 37103 | Elf:1    | Found a huge runed gate.
 37209 | Elf:1    | Found a huge runed gate.
 37219 | Elf:1    | Found a huge runed gate.
 37219 | Elf:1    | Found a huge runed gate.
 37219 | Elf:1    | Found a huge runed gate.
 37219 | Elf:1    | Found a huge runed gate.
 37331 | Elf:2    | Reached skill level 15 in Fighting
 37355 | Elf:2    | Received a gift from Okawaru
 37445 | Elf:2    | Found Laretryg's Antique Armour Shoppe.
 37462 | Elf:2    | Found a large runed translucent door.
 37462 | Elf:2    | Found a large runed translucent door.
 37464 | Elf:2    | Noticed wjchen's ghost (adept MiFi)
 37507 | Elf:2    | Bought the +3 warlock's mirror {reflect} for 1040 gold
                  | pieces
 37507 | Elf:2    | Found the +3 warlock's mirror {reflect}
 37576 | Elf:2    | Received a gift from Okawaru
 37983 | Elf:2    | Found a huge runed translucent gate.
 37985 | Elf:2    | Found a huge runed translucent gate.
 37986 | Elf:2    | Found a huge runed translucent gate.
 37987 | Elf:2    | Found a huge runed translucent gate.
 37987 | Elf:2    | Found a huge runed translucent gate.
 38059 | Elf:2    | Reached skill level 20 in Shields
 38415 | Elf:2    | Reached skill level 10 in Dodging
 38474 | Elf:2    | Received a gift from Okawaru
 38880 | Elf:3    | Entered Level 3 of the Elven Halls
 38891 | Elf:3    | Found Zisyafouru's Magic Scroll Shoppe.
 38900 | Elf:3    | Bought 2 scrolls of blinking for 270 gold pieces
 38900 | Elf:3    | Bought a scroll of teleportation for 54 gold pieces
 39666 | Elf:3    | Identified the +8 falchion of the Other Side {vorpal, +Inv
                  | rF- Str+8 SInv}
 39666 | Elf:3    | Identified the cursed +0 leather armour of Lesser Demons
                  | {rN+ MR+ Int+5}
 39675 | Elf:3    | Reached XP level 21. HP: 95/136 MP: 25/28
 39710 | Elf:3    | HP: 6/136 [deep elf sorcerer/damnation (37)]
 40168 | Elf:3    | Received a gift from Okawaru
 40435 | Elf:3    | Identified the Volume of the Traveller and Good Luck
 40445 | Elf:3    | Identified Kosin's Almanac of the Dark Blaze
 40452 | Elf:3    | Got a jewelled cloak
 40453 | Elf:3    | Identified the cursed -1 cloak of Mowarrio {rN++ Stlth+}
                  | (You found it on level 3 of the Elven Halls)
 40461 | Elf:3    | Got a transparent brass ring
 40464 | Elf:3    | Identified the ring "Baept" {Dex+6 Slay+2} (You found it on
                  | level 3 of the Elven Halls)
 40477 | Elf:3    | Got a warped platinum ring
 40478 | Elf:3    | Identified the ring of Veuzut {MR+ Dex+4} (You found it on
                  | level 3 of the Elven Halls)
 40820 | Vaults:1 | Entered Level 1 of the Vaults
 41371 | Vaults:1 | Found Zonkeorgh's Armour Shop.
 41379 | Vaults:1 | Bought a +2 pair of boots of running for 539 gold pieces
 42565 | Vaults:2 | Received a gift from Okawaru
 42803 | Vaults:2 | Reached skill level 21 in Shields
 42995 | Vaults:2 | Reached XP level 22. HP: 144/144 MP: 29/29
 43011 | Vaults:2 | Found a staircase to the Crypt.
 43732 | Vaults:2 | Found Luril's Gadget Shop.
 44076 | Vaults:2 | Reached skill level 10 in Armour
 44427 | Vaults:3 | Found Roreme Teras's Magic Scroll Shoppe.
 44435 | Vaults:3 | Bought a scroll of enchant armour for 157 gold pieces
 44472 | Vaults:3 | Received a gift from Okawaru
 44557 | Vaults:3 | Received a gift from Okawaru
 44566 | Vaults:3 | Got a transparent flail {god gift}
 44567 | Vaults:3 | Identified the +10 flail of the Tiger {protect, Int+4}
                  | (Okawaru gifted it to you on level 3 of the Vaults)
 45302 | Vaults:3 | Received a gift from Okawaru
 46152 | Vaults:4 | Reached XP level 23. HP: 151/151 MP: 30/30
 46242 | Vaults:4 | Reached skill level 22 in Shields
 46246 | Vaults:4 | Received a gift from Okawaru
 47076 | Vaults:4 | Found a runed translucent door.
 47076 | Vaults:4 | Found a shimmering altar of Xom.
 47077 | Vaults:4 | Noticed Vatovie's ghost (veteran MiFi)
 47145 | Vaults:4 | Received a gift from Okawaru
 47792 | Crypt:1  | Entered Level 1 of the Crypt
 49036 | Crypt:2  | Noticed Khufu
 49069 | Crypt:2  | Killed Khufu
 49336 | Crypt:2  | Reached XP level 24. HP: 154/159 MP: 30/30
 49356 | Crypt:2  | Got a warped ring mail
 49360 | Crypt:2  | Identified the cursed +0 ring mail "Vontiugg" {+Inv rPois
                  | rN++ Str-4} (You found it on level 2 of the Crypt)
 49669 | Crypt:3  | Entered Level 3 of the Crypt
 49714 | Crypt:3  | Received a gift from Okawaru
 49903 | Crypt:3  | Received a gift from Okawaru
 50052 | Crypt:3  | Noticed a curse toe
 50068 | Crypt:3  | Killed a curse toe
 50444 | Crypt:3  | Noticed an ancient lich
 50447 | Crypt:3  | Noticed an ancient lich
 50447 | Crypt:3  | Noticed an ancient lich
 50471 | Crypt:3  | Killed an ancient lich
 50471 | Crypt:3  | Reached skill level 23 in Shields
 50940 | Crypt:3  | Identified the Collected Works on Evil Rituals
 50962 | Crypt:3  | Killed an ancient lich
 50967 | Crypt:3  | Killed an ancient lich
 50973 | Crypt:3  | Identified the cursed +0 pair of boots of the Eight Eyes
                  | {rElec Str+5} (You found it on level 3 of the Crypt)
 50978 | Crypt:3  | Identified the ring of the Marlin {rN+ Int+4} (You found it
                  | on level 3 of the Crypt)
 50979 | Crypt:3  | Identified the ring of Duqexeamici {rElec rF- rN+ Str+3}
                  | (You found it on level 3 of the Crypt)
 50980 | Crypt:3  | Identified the ring of the Prince {rN+ Int+2 SInv Stlth+}
                  | (You found it on level 3 of the Crypt)
 51205 | Crypt:3  | Learned a level 5 spell: Lee's Rapid Deconstruction
 51236 | Crypt:3  | Identified the cursed +1 hunting sling of Mastery {venom,
                  | rElec rF- MR+ Dex+6} (You found it on level 3 of the Crypt)
 51462 | Crypt:3  | Found a staircase to the Tomb.
 51790 | Vaults:5 | Entered Level 5 of the Vaults
 51802 | Vaults:5 | Received a gift from Okawaru
 51812 | Vaults:5 | Received a gift from Okawaru
 51829 | Vaults:5 | Noticed an ancient lich
 51849 | Vaults:5 | Killed an ancient lich
 52020 | Vaults:5 | Reached XP level 25. HP: 168/168 MP: 30/30
 52055 | Vaults:5 | Gained mutation: You are occasionally teleported next to
                  | monsters. [a shining eye]
 52057 | Vaults:5 | Received a gift from Okawaru
 52089 | Vaults:5 | Lost mutation: Your body sometimes deteriorates upon taking
                  | damage. [potion of mutation]
 52089 | Vaults:5 | Lost mutation: You are dopey. (Int -2) [potion of mutation]
 52089 | Vaults:5 | Lost mutation: You are partially covered in iridescent
                  | scales. (AC +2) [potion of mutation]
 52089 | Vaults:5 | Gained mutation: You are agile. (Dex +2) [potion of
                  | mutation]
 52089 | Vaults:5 | Gained mutation: You have a pair of small antennae on your
                  | head. [potion of mutation]
 52089 | Vaults:5 | Gained mutation: You possess an exceptional clarity of
                  | mind. [potion of mutation]
 52199 | Vaults:5 | Identified the +10 morningstar of Tiqukir {drain, +Rage
                  | MP+9} (You found it on level 5 of the Vaults)
 52421 | Vaults:5 | Received a gift from Okawaru
 52433 | Vaults:5 | Identified the +6 battleaxe "Yxzo" {venom, rElec rC+ Str+2
                  | Dex-3} (Okawaru gifted it to you on level 5 of the Vaults)
 52594 | Vaults:5 | Identified the +10 battleaxe of Indomitability {flame, rC+}
 52708 | Vaults:5 | Identified the +7 hand axe of the Establishment {flame,
                  | Str+2} (You found it on level 5 of the Vaults)
 52792 | Vaults:5 | Identified the +4 demon whip "Vemijal" {drain, *Corrode
                  | rPois MR++ SInv}
 52792 | Vaults:5 | Identified the cursed +0 shortbow of Gluttony {speed, rF-
                  | Str+2 SInv}
 52794 | Vaults:5 | Reached skill level 24 in Shields
 52837 | Vaults:5 | Identified the +2 chain mail of the Journeyman {rC+ Regen+
                  | Stlth+} (You found it on level 5 of the Vaults)
 52853 | Vaults:5 | Got a dazzling trident
 52854 | Vaults:5 | Identified the +1 trident "Cosoyste" {freeze, Fragile Str+5
                  | Dex+5} (You found it on level 5 of the Vaults)
 52951 | Vaults:5 | Identified the +8 scimitar "Ydaheut" {antimagic, rC+ Dex+7
                  | Stlth-}
 52968 | Vaults:5 | Identified the cursed +0 pair of boots "Xor Ruo" {rElec
                  | rCorr Int+3 Dex-3} (You found it on level 5 of the Vaults)
 52972 | Vaults:5 | Identified Sif Muna's Grimoire of Unholy Contamination
 53102 | Vaults:5 | Received a gift from Okawaru
 53144 | Vaults:5 | Found Nus Af Obb's Book Emporium.
 53161 | Vaults:5 | Noticed an ancient lich
 53187 | Vaults:5 | Killed an ancient lich
 53320 | Vaults:5 | Got a silver rune of Zot
 53568 | Vaults:5 | Lost mutation: You possess an exceptional clarity of mind.
                  | [potion of mutation]
 53568 | Vaults:5 | Lost mutation: You have a pair of small antennae on your
                  | head. [potion of mutation]
 53568 | Vaults:5 | Lost mutation: You are occasionally teleported next to
                  | monsters. [potion of mutation]
 53568 | Vaults:5 | Gained mutation: You are dopey. (Int -2) [potion of
                  | mutation]
 53568 | Vaults:5 | Gained mutation: You possess an exceptional clarity of
                  | mind. [potion of mutation]
 53568 | Vaults:5 | Gained mutation: You are partially covered in icy blue
                  | scales. (AC +2) [potion of mutation]
 53568 | Vaults:5 | Gained mutation: You have large cloven feet. [potion of
                  | mutation]
 53826 | D:7      | Fell from the grace of Okawaru
 53826 | D:7      | Became a worshipper of Makhleb the Destroyer
 54008 | Depths:1 | Entered Level 1 of the Depths
 54146 | Depths:1 | Found a radiant altar of Vehumet.
 54157 | Depths:1 | Reached * piety under Makhleb
 54161 | Depths:1 | Identified the cursed -4 hat of Pan-Flutes {rC+ rN++} (You
                  | found it on level 1 of the Depths)
 54177 | Depths:1 | Found the +3 crown of Dyrovepreva {rElec Int+2 SInv}
 54365 | Depths:1 | Found a gateway to a ziggurat.
 54670 | Depths:1 | Reached XP level 26. HP: 176/176 MP: 30/30
 54970 | Depths:1 | Found a one-way gate leading to the halls of Pandemonium.
 54981 | Depths:1 | Reached ** piety under Makhleb
 55293 | Depths:1 | Found Wamuer's Magic Scroll Emporium.
 55567 | Depths:1 | Found a gateway to Hell.
 55992 | Depths:2 | Identified the cursed +0 leather armour of Protective
                  | Custody {+Inv rPois} (You found it on level 2 of the
                  | Depths)
 56337 | Depths:2 | Reached *** piety under Makhleb
 56365 | Depths:2 | Reached skill level 25 in Shields
 56603 | Depths:2 | Reached skill level 10 in Stealth
 56798 | Depths:2 | Reached **** piety under Makhleb
 57389 | Depths:3 | Found a magical portal.
 57547 | WizLab   | Found a burning altar of Makhleb.
 57552 | WizLab   | Found the +8 autumn katana {vorpal, Clar}
 57588 | WizLab   | Got the +0 pair of gloves of Rounylarch {Dex+5}
 57645 | WizLab   | Identified Lodaacvi's Disquisition on Calling
 57671 | WizLab   | Got a glimmering hand axe
 57672 | WizLab   | Identified the +7 hand axe "Banisher" {vorpal, +Rage Dex+4
                  | SInv} (You found it in a wizard's laboratory)
 57730 | WizLab   | Reached ***** piety under Makhleb
 57773 | WizLab   | Learned a level 3 spell: Stone Arrow
 58224 | Depths:3 | Reached XP level 27. HP: 182/182 MP: 30/30
 58384 | Depths:3 | Identified the +16 plate armour "Semax" {rCorr} (You found
                  | it on level 3 of the Depths)
 58843 | Depths:3 | Reached skill level 15 in Dodging
 59339 | Depths:3 | Gained mutation: Scrolls take you a little longer to read.
                  | [a cacodemon]
 59340 | Depths:3 | Gained mutation: You passively map a small area around you.
                  | [a cacodemon]
 59481 | Depths:3 | Found a one-way gate to the infinite horrors of the Abyss.
 59580 | Depths:3 | You are sucked into a shaft and drop 2 floors!
 59580 | Depths:5 | Entered Level 5 of the Depths
 59790 | Depths:3 | Voluntarily entered the Abyss.
 60084 | Abyss:2  | Found an ornate altar of the Wu Jian Council.
 60405 | Abyss:3  | Reached ****** piety under Makhleb
 60448 | Abyss:3  | Found a huge runed gate.
 60448 | Abyss:3  | Found a huge runed gate.
 60448 | Abyss:3  | Found a huge runed gate.
 60448 | Abyss:3  | Found a huge runed gate.
 60448 | Abyss:3  | Found a huge runed gate.
 60448 | Abyss:3  | Found a huge runed gate.
 60449 | Abyss:3  | Found a huge runed gate.
 60450 | Abyss:3  | Found a huge runed gate.
 60455 | Abyss:3  | Found a large runed door.
 60455 | Abyss:3  | Found a large runed door.
 60480 | Abyss:3  | Found a runed gate.
 60480 | Abyss:3  | Found a runed gate.
 60480 | Abyss:3  | Found a large runed door.
 60480 | Abyss:3  | Found a runed gate.
 60598 | Abyss:5  | Entered Level 5 of the Abyss
 60600 | Abyss:5  | Found a corrupted altar of Lugonu.
 60696 | Abyss:5  | Gained mutation: You are very dopey. (Int -4) [a cacodemon]
 60786 | Abyss:5  | Reached skill level 26 in Shields
 60790 | Abyss:5  | Reached skill level 15 in Armour
 60929 | Abyss:5  | Gained mutation: Your magical capacity is low. (-10% MP) [a
                  | neqoxec]
 60929 | Abyss:5  | Paralysed by accursed screaming for 1 turns
 60930 | Abyss:5  | Gained mutation: Your flesh is cold resistant. (rC+) [a
                  | neqoxec]
 60931 | Abyss:5  | Gained mutation: Your body sometimes deteriorates upon
                  | taking damage. [a neqoxec]
 61051 | Abyss:5  | Paralysed by accursed screaming for 2 turns
 61057 | Abyss:5  | Paralysed by accursed screaming for 2 turns
 61077 | Abyss:5  | Paralysed by accursed screaming for 1 turns
 61162 | Abyss:5  | Was forgiven by Okawaru
 61201 | Abyss:5  | Paralysed by accursed screaming for 1 turns
 61296 | Abyss:5  | Lost mutation: You possess an exceptional clarity of mind.
                  | [a neqoxec]
 61376 | Abyss:5  | Paralysed by accursed screaming for 2 turns
 61387 | Abyss:5  | Paralysed by accursed screaming for 2 turns
 61411 | Abyss:5  | Paralysed by accursed screaming for 1 turns
 61427 | Abyss:5  | Paralysed by accursed screaming for 1 turns
 61435 | Abyss:5  | Paralysed by accursed screaming for 1 turns
 61459 | Abyss:5  | Found a corrupted altar of Lugonu.
 61472 | Abyss:5  | Got an abyssal rune of Zot
 61501 | Abyss:5  | Paralysed by accursed screaming for 1 turns
 61507 | Abyss:5  | Paralysed by accursed screaming for 1 turns
 61509 | Depths:3 | Escaped the Abyss
 61870 | Slime:1  | Entered Level 1 of the Pits of Slime
 61872 | Slime:1  | Gained mutation: Armour fits poorly on your strangely
                  | shaped body. [a shining eye]
 61873 | Slime:1  | Gained mutation: You tend to lose your temper in combat. [a
                  | shining eye]
 61926 | Slime:3  | Noticed Dissolution
 61935 | Slime:3  | Killed Dissolution
 62010 | Slime:3  | Lost mutation: Your flesh is cold resistant. (rC+) [a
                  | shining eye]
 62036 | Slime:5  | Entered Level 5 of the Pits of Slime
 62205 | Slime:5  | Noticed the Royal Jelly
 62240 | Slime:5  | Gained mutation: You do not regenerate when monsters are
                  | visible. [a shining eye]
 62253 | Slime:5  | Killed the Royal Jelly
 62703 | Slime:5  | Got a slimy rune of Zot
 62719 | Slime:5  | Identified the +7 scale mail "Winoph" {Int+4} (You found it
                  | on level 5 of the Pits of Slime)
 62730 | Slime:5  | Identified the +4 chain mail of the Beggar {rElec MR+
                  | Dex+3} (You found it on level 5 of the Pits of Slime)
 62764 | Slime:5  | Got a wavering ivory ring
 62767 | Slime:5  | Identified the ring of Igul Pei {+Blink rN+ Dex+6 Slay+3}
                  | (You found it on level 5 of the Pits of Slime)
 62786 | Slime:5  | Identified the +6 trident of Tuuhab {vorpal, rPois Str+7
                  | Dex-5} (You found it on level 5 of the Pits of Slime)
 62827 | Slime:5  | Got a translucent war axe
 62828 | Slime:5  | Identified the +7 war axe of Radicalism {flame, Str+4
                  | Dex+7} (You found it on level 5 of the Pits of Slime)
 62885 | Slime:5  | Lost mutation: You tend to lose your temper in combat.
                  | [potion of mutation]
 62885 | Slime:5  | Lost mutation: Scrolls take you a little longer to read.
                  | [potion of mutation]
 62885 | Slime:5  | Lost mutation: You are agile. (Dex +2) [potion of mutation]
 62885 | Slime:5  | Lost mutation: You are very dopey. (Int -4) [potion of
                  | mutation]
 62885 | Slime:5  | Lost mutation: You have large cloven feet. [potion of
                  | mutation]
 62885 | Slime:5  | Gained mutation: You have a somewhat thin skeletal
                  | structure. (Dex +2, Stealth) [potion of mutation]
 62885 | Slime:5  | Gained mutation: You are partially covered in thin metallic
                  | scales. (AC +2) [potion of mutation]
 62885 | Slime:5  | Gained mutation: You have large cloven feet. [potion of
                  | mutation]
 62886 | Slime:5  | Lost mutation: You are dopey. (Int -2) [potion of mutation]
 62886 | Slime:5  | Lost mutation: Your body sometimes deteriorates upon taking
                  | damage. [potion of mutation]
 62886 | Slime:5  | Lost mutation: You are partially covered in icy blue
                  | scales. (AC +2) [potion of mutation]
 62886 | Slime:5  | Gained mutation: You have very sharp teeth. [potion of
                  | mutation]
 62886 | Slime:5  | Gained mutation: Your mind is acute. (Int +2) [potion of
                  | mutation]
 63424 | Depths:4 | Found a snail-covered altar of Cheibriados.
 63474 | Depths:4 | Reached skill level 27 in Shields
 63712 | Depths:4 | Found a hide-covered altar of Uskayaw.
 63819 | Depths:4 | Found a sparkling altar of Nemelex Xobeh.
 64177 | Depths:4 | Learned a level 5 spell: Aura of Abjuration
 64286 | Depths:4 | Found a radiant altar of Vehumet.
 64415 | Depths:4 | Reached skill level 1 in Summonings
 64771 | Depths:5 | Found a gate to the Realm of Zot.
 64973 | Depths:5 | Noticed Jory
 64996 | Depths:5 | Killed Jory
 65071 | Depths:5 | Found a portal to a secret trove of treasure.
 65114 | Depths:5 | You paid a toll of 12 scrolls of teleportation to enter a
                  | treasure trove
 65115 | Trove    | Entered a treasure trove
 65155 | Trove    | Got a wavering diamond amulet
 65157 | Trove    | Got a flickering ruby amulet
 65162 | Trove    | Identified the amulet "Raoryuf" {Acrobat Int+4} (You found
                  | it in a treasure trove)
 65163 | Trove    | Identified the amulet of Oghopp {Faith rElec} (You found it
                  | in a treasure trove)
 65174 | Trove    | Reached skill level 5 in Summonings
 65757 | Pan      | Entered Pandemonium
 65795 | Pan      | Learned a level 1 spell: Apportation
 65798 | Pan      | Entered the realm of Mnoleg.
 65835 | Pan      | Gained mutation: Scrolls take you a little longer to read.
                  | [a neqoxec]
 65859 | Pan      | Gained mutation: Your magical capacity is very low. (-20%
                  | MP) [a neqoxec]
 65861 | Pan      | Gained mutation: Your body sometimes deteriorates upon
                  | taking damage. [a neqoxec]
 65872 | Pan      | Gained mutation: Your body often deteriorates upon taking
                  | damage. [a cacodemon]
 65902 | Pan      | Gained mutation: You tend to lose your temper in combat. [a
                  | neqoxec]
 65907 | Pan      | Paralysed by a floating eye for 3 turns
 65954 | Pan      | Noticed Mnoleg
 65961 | Pan      | Reached skill level 1 in Translocations
 65982 | Pan      | Killed Mnoleg
 66038 | Pan      | Got a crude trident
 66041 | Pan      | Identified the cursed +1 trident of Terror {vorpal, rElec
                  | MR+} (You found it in Pandemonium)
 66064 | Pan      | Got a glowing rune of Zot
 66081 | Pan      | Gained mutation: Potions are less effective at restoring
                  | your health. [a neqoxec]
 66099 | Pan      | Gained mutation: You are weak. (Str -2) [a cacodemon]
 66178 | Pan      | Lost mutation: Your body often deteriorates upon taking
                  | damage. [potion of mutation]
 66178 | Pan      | Lost mutation: You tend to lose your temper in combat.
                  | [potion of mutation]
 66178 | Pan      | Lost mutation: Your magical capacity is very low. (-20% MP)
                  | [potion of mutation]
 66178 | Pan      | Lost mutation: You are partially covered in thin metallic
                  | scales. (AC +2) [potion of mutation]
 66178 | Pan      | Gained mutation: You are agile. (Dex +2) [potion of
                  | mutation]
 66179 | Pan      | Lost mutation: Scrolls take you a little longer to read.
                  | [potion of mutation]
 66179 | Pan      | Lost mutation: You are agile. (Dex +2) [potion of mutation]
 66179 | Pan      | Lost mutation: Your body sometimes deteriorates upon taking
                  | damage. [potion of mutation]
 66179 | Pan      | Gained mutation: Your mind is very acute. (Int +4) [potion
                  | of mutation]
 66283 | Pan      | Entered the realm of Lom Lobon.
 66798 | Pan      | Noticed Lom Lobon
 66834 | Pan      | Killed Lom Lobon
 66897 | Pan      | Got a magical rune of Zot
 67178 | Pan      | Found an exit through the horrors of the Abyss.
 67203 | Pan      | Noticed Hadynedgh the pandemonium lord
 67225 | Pan      | Killed Hadynedgh the pandemonium lord
 67279 | Pan      | Entered the realm of Cerebov.
 67613 | Pan      | Identified the +4 quarterstaff of the Mind {pain, +Rage
                  | rElec Str-5} (You found it in Pandemonium)
 67753 | Pan      | Identified Deddis's Incunabulum of Scorching Combat Magic
 67851 | Pan      | Got a shimmering silver ring
 67852 | Pan      | Identified the ring "Nadghag" {*Tele rPois Str+4} (You
                  | found it in Pandemonium)
 68030 | Pan      | Got a heavily runed lapis lazuli ring
 68036 | Pan      | Got a transparent wooden ring
 68037 | Pan      | Identified the ring of Inaerare {Str+4 Stlth-} (You found
                  | it in Pandemonium)
 68039 | Pan      | Identified the ring of the Empire {Int+6 Slay+2} (You found
                  | it in Pandemonium)
 68116 | Pan      | Reached skill level 5 in Translocations
 68196 | Pan      | Identified the +6 sword of Cerebov {flame}
 68196 | Pan      | Noticed Cerebov
 68234 | Pan      | Mangled by Cerebov

Illustrated notes

Levels and vault maps discovered:
D:1:      dpeg_arrival_round_b, layout_basic, minmay_3d_cube
D:2:      layout_basic, bloody_trog, elyvilon_altar_5
D:3:      layout_basic, first_ration, grunt_ministairs_2
D:4:      layout_loops_ring, serial_rivers, chequers_serial_rivers_micro_b,
          chequers_serial_rivers_small_b, chequers_serial_rivers_large_b,
          chequers_serial_rivers_room_b
D:5:      layout_loops_ring, uniq_duvessa, uniq_grinder, uniq_menkaure
D:6:      layout_basic, minmay_temple_entry_statues, basic_altar
D:7:      minmay_the_grid_triangle_9x9_recursive_2
          [minmay_the_grid_triangle_9x9_prize_insulated,
          minmay_the_grid_triangle_9x9_tough_junction,
          minmay_the_grid_triangle_9x9_zippers_horizontal,
          minmay_the_grid_triangle_9x9_corruption], layout_gridville,
          bloody_makhleb, nicolae_tso_besieged_by_evil, uniq_joseph
D:8:      layout_loops_cross
D:9:      layout_basic, grunt_temple_overflow_growth_and_decay,
          lair_entry_dummy, orc_0_dummy
D:10:     layout_irregular_city
D:11:     layout_gridville
D:12:     layout_long_grid, grunt_livestock, uniq_jorgrun
D:13:     layout_cave_pools, grunt_vaults_entry_tiered, serial_shops, shop,
          minmay_three_doors
D:14:     layout_basic, hangedman_decor_points, grunt_ministairs_11,
          kennysheep_generic_room_4, uniq_roxanne
D:15:     gammafunk_enter_depths_forms, layout_irregular_city,
          minmay_misc_feat_tower, serial_column_ruins,
          column_ruins_columns_corner, column_ruins_open_small,
          column_ruins_open_medium, column_ruins_grid_3, column_ruins_grid_3,
          serial_shops, nicolae_shop_waterfront, minmay_mirror_moons_of_madness
Temple:   regret_index_temple_sphere_string
Lair:1:   layout_roguey
Lair:2:   layout_chaotic_city, gauntlet_entry_generic
Lair:3:   layout_gridlike, minmay_shoals_entry_lonely_mermaid,
          minmay_snake_entry_guardpost_small, kennysheep_basilisk_garden
Lair:4:   lemuel_slime, layout_concentric_octagons, serial_bayou,
          serial_bayou_pond_d, serial_bayou_pond_d, serial_bayou_pond_b,
          serial_bayou_lagoon_a, serial_bayou_shore_b, serial_bayou_pond_d,
          roderic_batcave, kilobyte_rumbling_trees, minmay_lair_oklob_chamber,
          lemuel_fruit_tree
Lair:5:   layout_loops_ring, gammafunk_ghost_arena, ldierk_geyser
Lair:6:   grunt_lair_end_beastmaster, layout_regular_city,
          dpeg_slime_entry_enclosed_altar, lemuel_fruit_fields
Shoals:1: layout_shoals
Shoals:2: cheibrodos_shoals_oceanic_diplomacy, layout_shoals, ldierk_geyser,
          uniq_polyphemus
Shoals:3: layout_shoals, uniq_ilsuiw
Shoals:4: shoals_end_simple, layout_shoals
Snake:1:  layout_onion, portal_ice_cave_entry_ice_statue_one, serial_shops,
          shop, nicolae_shop_behind_doors, shop, uniq_aizul, uniq_nikola
Snake:2:  cheibrodos_snake_ritualist_ritual, layout_layer_cave
Snake:3:  minmay_snake_river, layout_misc_corridors, guppyfry_library_mini,
          uniq_mara
Snake:4:  grunt_snake_rune_serpentine_throne, layout_basic,
          nicolae_snake_single_loop, st_stairs_1, drop_trap, uniq_vashnia,
          uniq_donald, uniq_bai_suzhen
Slime:1:  layout_caves
Slime:2:  layout_caves
Slime:3:  layout_caves, dissolution_awaits
Slime:4:  layout_caves
Slime:5
Orc:1:    layout_diamond_mine, serial_shops, basic_altar, sword_in_stone
Orc:2:    st_orc_town, layout_caves
Elf:1:    layout_loops_ring, evilmike_minifort, not_door_vault_due
Elf:2:    layout_rooms, ebering_ghost_disaster_area, serial_shops,
          nicolae_shop_waterfront, special_room [special_room_mythical_zoo]
Elf:3:    elf_hall, layout_loops_cross, serial_shops, shop
Vaults:1: nicolae_vaults_network_periphery, ontoclasm_vaults_ligature,
          nicolae_vaults_branching_niches, v_misc_28, v_misc_12,
          vaults_mumra_lcd, grunt_vaults_hallway_short,
          nicolae_vaults_mini_display_case, layout_vaults_chaotic_city,
          serial_shops, nicolae_shop_trees
Vaults:2: ontoclasm_vaults_claustrophobia, vaults_standard_mumra_lines,
          hangedman_vaults_stagger, v_misc_11,
          minmay_crypt_entry_simple_corners, vaults_room_grid, v_misc_31,
          vaults_room_fours, layout_vaults_omnigrid, serial_shops,
          nicolae_shop_stone
Vaults:3: nicolae_vaults_network_quinsquares
          [nicolae_vaults_network_quincunx_subvault,
          nicolae_vaults_network_quincunx_subvault,
          nicolae_vaults_network_quincunx_subvault,
          nicolae_vaults_network_quincunx_subvault],
          grunt_vaults_funneled_arena, ontoclasm_vaults_spin,
          nicolae_vaults_network_square, nicolae_vaults_windows_and_doors_thing,
          hangedman_vaults_stream, nicolae_vaults_network_star,
          nicolae_vaults_ring_of_whatevers, nicolae_vaults_rhombus_6,
          ontoclasm_vaults_decontamination, nicolae_vaults_little_squares_1,
          layout_vaults_omnibox, serial_shops, shop
Vaults:4: ebering_vaults_ghost_xom, vaults_standard_mumra_enter_the_diamond,
          v_rooms_4, v_pattern_4, nicolae_vaults_statue_guard,
          nicolae_vaults_twisting_passages, nicolae_vaults_little_squares_1,
          v_misc_3, ontoclasm_vaults_twist, dpeg_vaults_monster_box,
          layout_vaults_omnicross
Vaults:5: serial_shops
Crypt:1:  layout_catacombs, minivault_23
Crypt:2:  layout_gridlike, uniq_khufu
Crypt:3:  david_glass_crypt, layout_chaotic_city, tomb_entry_sphere_bobbens
Depths:1: layout_gridlike, enter_ziggurat_c, rand_demon_pan_entry_3,
          grunt_hell_entry_dis_mu, serial_bayou_ford_a, serial_shops, shop,
          hex_medium, minivault_10, serial_sigils_hangedman_gut,
          grunt_tower_of_power
Depths:2: hangedman_box_tower, layout_gridville,
          hangedman_abyss_or_decor_jellyfish_corner, hell_entry
Depths:3: little_maze_vault, layout_basic, rand_demon_pan_entry_9,
          mu_enter_wizlab_7, abyss_entry_crystal, pf_coc_iceberg,
          kennysheep_crisscross, infiniplex_staircase_split_hallway
Depths:4: grunt_profane_halls [grunt_profane_temple_tar,
          grunt_profane_temple_coc, grunt_profane_temple_geh,
          grunt_profane_temple_dis, grunt_profane_loot], abyss_entry, hell_entry
Depths:5: evilmike_zot_entry_basic, layout_basic,
          nicolae_trove_entry_free_sample, hell_entry,
          hangedman_abyss_or_decor_clamps, minivault_16, kennysheep_doodads,
          nicolae_wwwww, roderic_roman_lattice, uniq_jory
Pan:      grunt_pan_pentagram, layout_chambers, pan_blood_fountain_small,
          evilmike_mnoleg_eyes, layout_chambers, evilmike_mini_pan_pillars_b,
          layout_long_grid, lom_lobon_spiral_st, layout_grid_shapes,
          nicolae_pan_lom_lobonic_1, grunt_pan_spiral, layout_basic,
          pan_blood_fountain_2, cerebov_st, layout_cellular_growth

Skill      XL: |  1  2  3  4  5  6  7  8  9 10 11 12 13 14 15 16 17 18 19 20 21 22 23 24 25 26 27 |
---------------+----------------------------------------------------------------------------------+-----
Axes           | 3 4 6 7 8 9 10 11 12 14 15 16 17 18 19 20 22 | 22.7
Throwing       | 2 3 4 5 6 7 8 9 |  9.8
Armour         | 1 2 3 4 6 7 8 9 10 11 12 18 | 18.3
Shields        | 1 2 3 4 6 8 10 11 12 13 14 15 16 17 18 19 20 21 22 23 24 25 27 | 27.0
Dodging        | 3 4 5 6 7 8 9 10 11 12 13 14 16 | 16.6
Fighting       | 3 4 5 6 7 8 9 10 11 12 13 14 15 16 17 18 19 20 21 24 | 24.2
Stealth        | 1 2 3 4 5 6 7 8 9 10 12 | 12.3
Maces & Flails | 2 7 10 | 10.1
Invocations    | 1 2 3 4 |  4.9
Spellcasting   | 1 4 5 8 |  8.2
Earth Magic    | 1 6 7 |  7.4
Summonings     | 7 |  7.9
Translocations | 5 |  5.1
Transmutations | |  0.1
Evocations     | |  0.3

Action                   |  1- 3 |  4- 6 |  7- 9 | 10-12 | 13-15 | 16-18 | 19-21 | 22-24 | 25-27 || total
-------------------------+-------+-------+-------+-------+-------+-------+-------+-------+-------++-------
Melee: War axe           |   105 |   226 |   521 |   777 |  1293 |   697 |  1226 |  1413 |  3206 ||  9464
       Morningstar       |       |       |       |    97 |       |       |       |       |       ||    97
       Broad axe         |       |       |       |    95 |       |       |       |       |       ||    95
       Hand axe          |       |       |       |    24 |    73 |       |       |       |       ||    97
       Eveningstar       |       |       |       |       |       |   706 |       |       |       ||   706
       Bite              |       |       |       |       |       |       |       |       |   215 ||   215
Throw: Throwing net      |       |     1 |     1 |     4 |       |       |       |       |       ||     6
       Javelin           |       |       |       |    38 |    45 |    35 |    60 |    34 |    21 ||   233
       Stone             |       |       |       |     4 |       |       |       |       |       ||     4
       Boomerang         |       |       |       |       |       |    50 |    93 |       |    97 ||   240
 Cast: Sandblast         |       |       |       |     1 |    17 |     9 |       |       |       ||    27
       Passwall          |       |       |       |       |       |       |       |       |     3 ||     3
       Lee's Rapid Decon |       |       |       |       |       |       |       |       |     7 ||     7
       Apportation       |       |       |       |       |       |       |       |       |     5 ||     5
       Stone Arrow       |       |       |       |       |       |       |       |       |     2 ||     2
       Aura of Abjuratio |       |       |       |       |       |       |       |       |     1 ||     1
Invok: Heroism           |       |       |       |    24 |    11 |    19 |    13 |     5 |     2 ||    74
       Finesse           |       |       |       |       |       |     1 |     4 |     1 |       ||     6
 Abil: Fly               |       |       |       |       |     1 |       |       |       |     2 ||     3
       Stop Flying       |       |       |       |       |       |       |       |       |     2 ||     2
Evoke: Tin of tremorston |       |       |       |     1 |       |       |       |       |       ||     1
       Wand              |       |       |       |       |       |       |     3 |     1 |     1 ||     5
  Use: Scroll            |     2 |       |     1 |    19 |     5 |    16 |    20 |    17 |    32 ||   112
       Potion            |       |       |       |    13 |     3 |     2 |     5 |       |    17 ||    40
 Stab: Held in net/web   |       |       |     1 |     1 |       |       |       |       |       ||     2
       Invisible         |       |       |       |     2 |       |       |       |       |     1 ||     3
       Distracted        |       |       |       |     1 |       |       |     3 |     5 |    15 ||    24
       Sleeping          |       |       |       |       |     5 |     5 |    15 |    21 |    56 ||   102
       Confused          |       |       |       |       |       |       |     2 |       |       ||     2
       Petrifying        |       |       |       |       |       |       |       |       |     1 ||     1
       Paralysed         |       |       |       |       |       |       |       |       |     1 ||     1
  Eat: Chunk             |     1 |     6 |    11 |    30 |    33 |    20 |    28 |    19 |    39 ||   187
       Ration            |       |       |     1 |     3 |       |     2 |     2 |     3 |     6 ||    17
Armor: Leather armour    |    26 |       |       |       |       |       |       |       |       ||    26
       Ring mail         |    27 |    95 |       |       |   100 |   407 |   197 |   267 |   684 ||  1777
       Plate armour      |       |    64 |   345 |   116 |       |       |       |       |       ||   525
       Robe              |       |       |       |   148 |       |       |    72 |       |       ||   220
       Chain mail        |       |       |       |    69 |   243 |       |       |       |       ||   312
Dodge: Dodged            |    46 |    53 |    60 |   362 |   448 |   561 |   538 |   517 |  1711 ||  4296
       Repelled          |       |     3 |     4 |     2 |     7 |    84 |    63 |    24 |    84 ||   271
Block: Tower shield      |    76 |   189 |   424 |   976 |  1306 |  1418 |       |       |       ||  4389
       Kite shield       |       |       |       |       |       |   259 |  1128 |  1306 |  3624 ||  6317
       Reflection        |       |       |       |       |       |    31 |   140 |    74 |   183 ||   428
